cohdb
Replays
Latest Replays
All Replays
Popular Replays
Top Player Replays
Match Explorer
How It Works
Community
CoH3 Stats
Reddit
Sign in to upload your games and track your stats! →
Sign in with Steam
Match 42999399
Unlisted
Match 42999399
Overview
Messages
Build Orders
End
Kradschützen Motorcycle Team
Selects Italian Combined Arms Battlegroup
Selects Bersaglieri Squad
Bersaglieri Squad
Bersaglieri Squad
Panzergrenadier Squad
Construct Light Support Kompanie
Fire Support Elements
Selects Bersaglieri Bolster
Flakvierling Half-track
2.5-tonne Medical Truck
Assault Mechanized Group
Selects Breda Model 30 Light Machine Guns
Pak 38 Anti-tank Gun Team
Vehicle Survival Package
Construct Panzerarmee Kommand
Pak 38 Anti-tank Gun Team
Armored Reserves
Selects Semovente da 75/18 Assault Gun
Selects Strafing Run
Emergency Repair Kits
Selects Artillery Cover
Tiger Heavy Tank
Rapid Advance
desertBeliever
RICO
0
0
Comments
sign in to comment!
No comments posted yet!